AoeStats
← MAREKE

Arabia

510347696Analyzed
1v1 RM · 1d ago on Sep 30, 2026· 51m 41s· 2 players
Game mode
Random Map
Map size
Tiny (2 player)
Population
200
Speed
Normal
Resources
Standard
Victory
Conquest
Starting age
Dark Age
Ending age
Imperial Age
RankedLock teamsTeams togetherTeam positionsShared explorationLock speedFull tech treeHidden civsTurbo modeCheats
Victory
Defeat
🇮🇹 Ethiopians · Italy
826
+17
🇦🇷 Vietnamese · Argentina
853
-17
blackbarto
7:41 Loom
10:36 Feudal Age
11:26 Double-Bit Axe
13:06 Fletching
25:35 Castle Age
25:12 Scale Mail Armor
28:09 Gold Mining
28:10 Stone Mining
28:31 Bow Saw
29:41 Forging
30:38 Gold Shaft Mining
30:10 Horse Collar
34:39 Wheelbarrow
37:06 Squires
39:47 Iron Casting
39:28 Chain Mail Armor
39:09 Bodkin Arrow
41:08 Stone Shaft Mining
MAREKE
7:26 Loom
10:11 Feudal Age
16:46 Double-Bit Axe
16:45 Horse Collar
18:51 Wheelbarrow
21:45 Castle Age
26:02 Forging
27:56 Bloodlines
28:47 Iron Casting
28:26 Scale Mail Armor
31:02 Chain Mail Armor
38:01 Husbandry
38:25 Fletching
38:35 Padded Archer Armor
Connection lost

Rejoining the realm…

Still unreachable

The connection could not be restored.

Session expired

The server has moved on; the page needs a fresh start.